 Dungeon Crawl Stone Soup version 0.23.2-30-g0e89c35649 (webtiles) character file.

Game seed: 2811397191656237121

718 Matador8 the Sneak (level 7, -3/47 HPs)
             Began as a Vampire Enchanter on June 21, 2019.
             Slain by an ice beast (5 damage)
             ... on level 5 of the Dungeon.
             The game lasted 00:46:25 (8892 turns).

Matador8 the Sneak (Vampire Enchanter)              Turns: 8892, Time: 00:46:26

Health: -3/47      AC:  0    Str:  8    XL:     7   Next: 42%
Magic:  1/11       EV: 20    Int: 19    God:
Gold:   241        SH:  0    Dex: 19    Spells: 2/12 levels left

rFire    . . .     SeeInvis +   (weapon currently unavailable)
rCold    + . .     Gourm    .   (shield currently unavailable)
rNeg     + + .     Faith    .   (armour currently unavailable)
rPois    +         Spirit   .   (helmet currently unavailable)
rElec    .         Reflect  .   (cloak currently unavailable)
rCorr    .         Harm     .   (gloves currently unavailable)
MR       .....                  (boots currently unavailable)
Stlth    ++++++....             (no amulet)
HPRegen  0.07/turn              (ring currently unavailable)
MPRegen  0.12/turn              (ring currently unavailable)

@: bat-form, flying, very slightly contaminated, regenerating slowly, very quick
A: tiny, fangs 3, see invisible
a: End Transformation


You were on level 5 of the Dungeon.
You were very thirsty.
You were in vampire-bat-form.
You visited 1 branch of the dungeon, and saw 5 of its levels.

You collected 241 gold pieces.

Inventory:

Hand Weapons
 k - a +4 dagger (melded)
 p - a +0 short sword of holy wrath
Armour
 b - a +0 robe (melded)
 c - a +0 ring mail
 m - a +1 helmet (melded)
 o - a +0 helmet
 z - a +0 cloak (melded)
Wands
 q - a wand of polymorph (17)
 t - a wand of acid (9)
 A - a wand of digging (11)
Scrolls
 e - a scroll of identify
 f - a scroll of fog {unknown}
 h - 3 scrolls of remove curse
 i - a scroll of amnesia {unknown}
 l - 2 scrolls of enchant armour {unknown}
 n - 2 scrolls of noise {unknown}
 u - a scroll of random uselessness {unknown}
 y - a scroll of teleportation {unknown}
 C - a scroll of fear {unknown}
Potions
 d - 12 potions of blood
 g - a potion of mutation
 j - a potion of flight
 r - 2 potions of curing
 s - a potion of invisibility {unknown}
 v - a potion of ambrosia {unknown}
 w - a potion of degeneration {unknown}
 x - a potion of brilliance {unknown}
 B - a potion of resistance


   Skills:
 + Level 0.5 Fighting
 - Level 6.4 Short Blades
 - Level 2.1 Dodging
 - Level 7.2 Stealth
 + Level 3.0 Spellcasting
 + Level 0.4 Conjurations
 - Level 6.4 Hexes


You had 2 spell levels left.
You knew the following spells:

 Your Spells              Type           Power        Failure   Level  Hunger
a - Corona                Hex            ####...      1%          1    None
b - Confuse               Hex            ####....     3%          3    ###....
c - Tukima's Dance        Hex            ####....     3%          3    ###....
d - Dazzling Spray        Conj/Hex       ###...       11%         3    ###....

Your spell library contained the following spells:

 Spells                   Type           Power        Failure   Level  Hunger
 Ensorcelled Hibernation  Hex/Ice        ###...       6%          2    ##.....


Dungeon Overview and Level Annotations

Branches:
Dungeon (5/15)
 Temple: D:4-7

Altars:
Hepliaklqana
Qazlal

Annotations:
D:2 Sigmund
D:5 exclusion: ice beast


Innate Abilities, Weirdness & Mutations

You heal slowly.
You have razor-sharp teeth.
You have supernaturally acute eyesight. (SInv)
((You can survive without breathing.))


Message History

Casting: Confuse (safe; 3% risk of failure)
Confirm with . or Enter, or press ? or * to list all spells.
Okay, then.
Press: ? - help, v - describe, . - travel
Here: an ice beast The floor.
Casting: Confuse (safe; 3% risk of failure)
Confirm with . or Enter, or press ? or * to list all spells.
Aiming: Confuse (safe; 3% risk of failure)
Press: ? - help, Shift-Dir - straight line, f - ice beast
Aim: an ice beast (chance to defeat MR: 56%)
You miscast Confuse.
You are very lightly contaminated with residual magic.
You feel off-balance for a moment. The ice beast misses you.
You turn into a vampire bat.
Your +4 dagger melds into your body.
Your +0 cloak melds into your body.
Your +1 helmet melds into your body.
Your +0 robe melds into your body.
The ice beast hits you.
* * * LOW HITPOINT WARNING * * *
The ice beast freezes you. You resist.
You die...

#c# #.# #(# #
#(#.# #
#####.#.#.##.
#............
##............
#####..Y#5##.##.#.
#†......b.....# #
#.###........... .
#.# ##...........
#.
#.####.#......##..
#.
#.#....##....#.##.
. #.#.#####...###.
#.#... ....##
#.#.##...... .h#
#........5. ...


You could see an ice beast and a shadow imp.

Vanquished Creatures
  An ogre (D:5)
  A scorpion (D:4)
  A crimson imp (D:5)
  3 orc priests
  Crazy Yiuf (D:2)
  2 orc wizards
  Terence (D:3)
  Natasha (twice) (D:2)
  2 worker ants
  Robin (D:3)
  3 gnolls (D:5)
  A howler monkey skeleton (D:4)
  4 adders
  An adder skeleton (D:5)
  3 worms
  2 dart slugs
  6 leopard geckos
  8 orcs
  3 giant cockroaches
  15 goblins
  7 hobgoblins
  6 jackals
  10 kobolds
  2 quokkas (D:4)
  3 bats
  5 frilled lizards
  7 rats
101 creatures vanquished.

Vanquished Creatures (collateral kills)
  An ogre (D:4)
  6 orcs
7 creatures vanquished.

Vanquished Creatures (others)
  2 dancing weapons (D:5)
2 creatures vanquished.

Grand Total: 110 creatures vanquished

Notes
Turn   | Place    | Note
-------+----------+-------------------------------------------
     0 | D:1      | Matador8 the Vampire Enchanter began the quest for the Orb.
     0 | D:1      | Reached XP level 1. HP: 13/13 MP: 3/3
   271 | D:1      | Reached XP level 2. HP: 15/19 MP: 5/5
  1649 | D:2      | Reached skill level 5 in Stealth
  1649 | D:2      | Reached XP level 3. HP: 24/24 MP: 6/6
  1654 | D:2      | Learned a level 3 spell: Confuse
  1656 | D:2      | Noticed Natasha
  1706 | D:2      | Reached skill level 5 in Hexes
  1945 | D:2      | Noticed Sigmund
  2064 | D:2      | Found a runed translucent door.
  2065 | D:2      | Noticed Crazy Yiuf
  2594 | D:2      | Reached XP level 4. HP: 30/30 MP: 7/7
  2961 | D:2      | Killed Natasha
  3095 | D:2      | Noticed Natasha
  3333 | D:3      | Learned a level 3 spell: Tukima's Dance
  3708 | D:3      | Noticed Terence
  3714 | D:3      | Killed Terence
  3714 | D:3      | Reached XP level 5. HP: 30/35 MP: 4/8
  4152 | D:3      | Noticed Robin
  4208 | D:3      | Killed Robin
  4214 | D:3      | Reached skill level 6 in Stealth
  4567 | D:2      | Killed Crazy Yiuf
  4708 | D:2      | Killed Natasha
  4976 | D:4      | Reached XP level 6. HP: 28/41 MP: 6/9
  6094 | D:4      | Reached skill level 5 in Short Blades
  6556 | D:4      | Found a stormy altar of Qazlal.
  6687 | D:4      | Reached skill level 7 in Stealth
  7536 | D:5      | Entered Level 5 of the Dungeon
  7547 | D:5      | Noticed a sky beast
  7730 | D:5      | Noticed an ice beast
  7757 | D:5      | Reached XP level 7. HP: 38/46 MP: 3/10
  8241 | D:5      | Found a hazy altar of Hepliaklqana.
  8623 | D:4      | Learned a level 3 spell: Dazzling Spray
  8892 | D:5      | HP: 2/47 [ice beast (4)]
  8892 | D:5      | Slain by an ice beast

Skill      XL: |  1  2  3  4  5  6  7 |
---------------+----------------------+-----
Short Blades   | 2 3 4 5 6 |  6.4
Stealth        | 5 6 7 |  7.2
Hexes          | 5 6 |  6.4
Spellcasting   | 3 |  3.0
Fighting       | |  0.5
Dodging        | |  2.1
Conjurations   | |  0.4

Action                   |  1- 3 |  4- 6 |  7- 9 || total
-------------------------+-------+-------+-------++-------
Melee: Dagger            |   139 |   251 |    77 ||   467
       Bite              |    12 |    23 |     7 ||    42
 Cast: Corona            |    31 |    17 |     5 ||    53
       Confuse           |     4 |    27 |    12 ||    43
       Tukima's Dance    |       |     9 |     3 ||    12
 Abil: Bat Form          |       |     1 |     2 ||     3
       End Transformatio |       |     1 |     1 ||     2
  Use: Potion            |     2 |    14 |     5 ||    21
       Scroll            |       |     3 |       ||     3
 Stab: Sleeping          |     9 |    11 |     4 ||    24
       Confused          |     2 |    11 |     4 ||    17
       Distracted        |       |       |     1 ||     1
Armor: Robe              |    23 |    21 |     4 ||    48
Dodge: Dodged            |    85 |   106 |    31 ||   222
